 Dungeon Crawl Stone Soup version 0.23.1-38-g628c18f423 (webtiles) character file.

Game seed: 14287538125851573749

1146 Peloso the Slasher (level 8, -3/68 HPs)
             Began as a Minotaur Fighter on Mar 29, 2019.
             Was a Believer of Okawaru.
             Slain by Duvessa
             ... wielding a +2 short sword of draining
              (5 damage)
             ... on level 6 of the Dungeon.
             The game lasted 00:09:33 (4689 turns).

Peloso the Slasher (Minotaur Fighter)               Turns: 4689, Time: 00:09:33

Health: -3/68      AC:  8    Str: 23    XL:     8   Next: 15%
Magic:  7/7        EV:  5    Int:  5    God:    Okawaru [**....]
Gold:   310        SH:  8    Dex: 10    Spells: 7/7 levels left

rFire    . . .     SeeInvis .   a - +0 long sword
rCold    . . .     Gourm    .   c - +0 shield
rNeg     . . .     Faith    .   u - +0 chain mail
rPois    .         Spirit   .   (helmet restricted)
rElec    .         Reflect  .   (no cloak)
rCorr    .         Harm     .   (no gloves)
MR       .....                  (no boots)
Stlth    ..........             (no amulet)
HPRegen  0.21/turn              (no ring)
MPRegen  0.10/turn              (no ring)

@: very heavily drained
A: retaliatory headbutt, horns 2
a: Heroism, Renounce Religion


You were on level 6 of the Dungeon.
You worshipped Okawaru.
Okawaru was pleased with you.
You were not hungry.

You visited 1 branch of the dungeon, and saw 6 of its levels.

You collected 310 gold pieces.

Inventory:

Hand Weapons
 a - a +0 long sword (weapon)
Armour
 b - a +0 scale mail
 c - a +0 shield (worn)
 u - a +0 chain mail (worn)
Jewellery
 y - an uncursed amulet of rage
Wands
 v - a wand of iceblast (3)
Scrolls
 e - 2 scrolls of amnesia {unknown}
 g - a scroll of identify
 h - 2 scrolls of random uselessness {unknown}
 i - 2 scrolls of blinking {unknown}
 k - 3 scrolls of teleportation {unknown}
 l - a scroll of fear {unknown}
 m - 3 scrolls of remove curse {unknown}
 n - 3 scrolls of enchant armour {unknown}
 p - a scroll of immolation {unknown}
 w - 3 scrolls of noise {unknown}
 x - a scroll of magic mapping {unknown}
Potions
 d - a potion of might
 j - a potion of haste
 o - 2 potions of brilliance
 q - 3 potions of curing
 r - a potion of resistance
 s - a potion of magic
 t - a potion of berserk rage {unknown}
Comestibles
 f - 7 rations


   Skills:
 + Level 5.1(0.6) Fighting
 + Level 7.3(2.5) Long Blades
 + Level 6.6(1.9) Armour
 + Level 2.5(0.0) Dodging
 + Level 0.6(0.0) Stealth
 + Level 6.2(1.6) Shields
 + Level 0.7(0.0) Evocations


You had 7 spell levels left.
You didn't know any spells.
Your spell library was empty.

Dungeon Overview and Level Annotations

Branches:
Dungeon (6/15)             Temple (0/1) D:6

Altars:
Ashenzari
Makhleb
Okawaru
Vehumet
The Shining One

Shops:
D:4 (

Annotations:
D:6 Duvessa


Innate Abilities, Weirdness & Mutations

You reflexively headbutt those who attack you in melee.
You have a pair of horns on your head.


Message History

Duvessa barely misses you.
You riposte.
Your shield and chain mail prevent you from hitting Duvessa.
Your headbutt misses Duvessa.
Duvessa is severely wounded.
You block Duvessa's attack.
You closely miss Duvessa.
Duvessa is severely wounded.
You block Duvessa's attack.
Duvessa hits you with a +2 short sword of draining.
* * * LOW HITPOINT WARNING * * *
You feel drained.
Unknown command.
You hit Duvessa but do no damage. You headbutt Duvessa, but do no damage.
Duvessa is heavily wounded.
Duvessa is no longer moving quickly.
Duvessa hits you but does no damage.
You feel drained.
Duvessa hits you with a +2 short sword of draining!
* * * LOW HITPOINT WARNING * * *
You feel drained.
You die...

#.......#
##...####
#######..######
#.............#
#.#####..####.#
#..####.#.#
#..........
#..####e.........
#....)@.#####.#.#
#.#####.# # ....
....... ###.#####
#.# #.# ..#


You could see Duvessa (berserk).

Vanquished Creatures
  Grinder (D:5)
  A bullfrog (D:6)
  2 scorpions (D:5)
  Dowan (D:6)
  A crimson imp (D:4)
  A centaur zombie (D:5)
  2 jellies
  A gnoll shaman (D:4)
  A hound (D:4)
  A centaur skeleton (D:5)
  Natasha (thrice) (D:3)
  Ijyb (D:4)
  An iguana (D:4)
  3 orc wizards
  4 worker ants
  3 gnolls (D:4)
  7 adders
  2 shadow imps
  4 oozes
  3 worms
  A dart slug (D:1)
  3 leopard geckos
  5 orcs
  9 bats
  7 giant cockroaches
  5 goblins
  12 hobgoblins
  9 jackals
  4 quokkas
  A ball python (D:3)
  8 frilled lizards
  10 kobolds
  6 rats
123 creatures vanquished.

Notes
Turn   | Place    | Note
-------+----------+-------------------------------------------
     0 | D:1      | Peloso the Minotaur Fighter began the quest for the Orb.
     0 | D:1      | Reached XP level 1. HP: 19/19 MP: 0/0
     1 | D:1      | Found a runed translucent door.
     1 | D:1      | Noticed a jelly
    56 | D:1      | Found an iron altar of Okawaru.
    85 | D:1      | Reached XP level 2. HP: 23/27 MP: 1/1
   102 | D:1      | Became a worshipper of Warmaster Okawaru
   563 | D:2      | Reached XP level 3. HP: 30/33 MP: 2/2
  1013 | D:2      | Reached skill level 1 in Dodging
  1081 | D:2      | Reached XP level 4. HP: 37/40 MP: 3/3
  1228 | D:2      | Reached skill level 3 in Long Blades
  1494 | D:3      | Noticed Natasha
  1499 | D:3      | Killed Natasha
  1508 | D:3      | Reached XP level 5. HP: 46/46 MP: 4/4
  1556 | D:3      | Noticed Natasha
  1564 | D:3      | Killed Natasha
  1729 | D:3      | Reached skill level 4 in Long Blades
  1737 | D:3      | Reached * piety under Okawaru
  1738 | D:3      | Reached skill level 5 in Shields
  1786 | D:3      | Found a shattered altar of Ashenzari.
  1957 | D:3      | Noticed Natasha
  1964 | D:3      | Killed Natasha
  1964 | D:3      | Reached skill level 5 in Armour
  2175 | D:1      | Reached XP level 6. HP: 51/52 MP: 5/5
  2491 | D:4      | Noticed Ijyb
  2508 | D:4      | Killed Ijyb
  2575 | D:4      | Reached skill level 5 in Long Blades
  2711 | D:4      | Reached XP level 7. HP: 52/60 MP: 6/6
  2793 | D:4      | Found Waxivaen's Antique Weapon Boutique.
  2803 | D:4      | Got a faintly glowing spear
  2804 | D:4      | Identified the +6 spear of Arie {pierce, rC+ Int+4} (You
                  | found it on level 4 of the Dungeon)
  3083 | D:5      | Entered Level 5 of the Dungeon
  3144 | D:5      | Reached ** piety under Okawaru
  3144 | D:5      | Reached skill level 6 in Long Blades
  3527 | D:5      | Found a radiant altar of Vehumet.
  3528 | D:5      | Found a glowing golden altar of the Shining One.
  3592 | D:5      | Found a burning altar of Makhleb.
  3594 | D:5      | Noticed Grinder
  3615 | D:5      | Killed Grinder
  3615 | D:5      | Reached skill level 5 in Fighting
  3953 | D:5      | Reached skill level 7 in Long Blades
  4487 | D:5      | Reached XP level 8. HP: 68/68 MP: 7/7
  4610 | D:6      | Found a staircase to the Ecumenical Temple.
  4664 | D:6      | Noticed Duvessa
  4665 | D:6      | Noticed Dowan
  4677 | D:6      | Killed Dowan
  4689 | D:6      | HP: 2/68 [Duvessa/+2 short sword of draining (11)]
  4689 | D:6      | Slain by Duvessa

Skill      XL: |  1  2  3  4  5  6  7 |
---------------+----------------------+-----
Armour         | 4 5 6 |  6.6
Shields        | 4 5 6 |  6.2
Fighting       | 4 5 |  5.1
Dodging        | 1 2 |  2.5
Long Blades    | 3 4 5 7 |  7.3
Stealth        | |  0.6
Evocations     | |  0.7

Action                   |  1- 3 |  4- 6 |  7- 9 || total
-------------------------+-------+-------+-------++-------
Melee: Long sword        |    73 |   198 |    99 ||   370
       Headbutt          |    11 |    42 |    22 ||    75
Invok: Heroism           |       |       |     1 ||     1
Evoke: Wand              |       |       |     2 ||     2
  Use: Scroll            |       |     3 |     2 ||     5
  Eat: Chunk             |       |     6 |     4 ||    10
       Ration            |       |       |     1 ||     1
Armor: Scale mail        |    40 |    70 |    26 ||   136
       Chain mail        |       |       |    12 ||    12
Dodge: Dodged            |    24 |    53 |    28 ||   105
Block: Shield            |    46 |    94 |    57 ||   197
       Rpst.: Long sword |     4 |    13 |     8 ||    25
